 Dungeon Crawl Stone Soup version 0.32-a0-909-gc671339a80 (webtiles) character file.

Game seed: 3385110110240978486

48869 Autsider the Marksspriggan (level 14, -1/66 (74) HPs)
             Began as a Spriggan Shapeshifter on Apr 6, 2024.
             Was the Champion of Okawaru.
             Constricted to death by a spectral anaconda (2 damage)
             ... on level 5 of the Lair of Beasts.
             The game lasted 02:01:10 (23234 turns).

Autsider the Marksspriggan (Spriggan Shapeshifter) Turns: 23234, Time: 02:01:11

HP:   -1/66 (74)    AC:  6    Str: 10    XL:     14   Next: 13%
MP:   21/21         EV: 13    Int: 14    God:    Okawaru [******]
Gold: 1147          SH:  5    Dex: 17    Spells: 15/21 levels left

rFire   + . .        H - +6 hand cannon of Ponirr {drain, *Corrode rF+ SInv Stlth+}
rCold   + + +        (no shield)
rNeg    + . .        K - +4 skin of Zhor {*Englaciate rC+++ SInv}
rPois   +            (helmet currently unavailable)
rElec   .            (cloak currently unavailable)
rCorr   .            (gloves unavailable)
SInv    +            (boots unavailable)
Will    ++...        g - amulet of reflection
Stlth   +++++        k - ring of positive energy
HPRegen 0.31/turn    t - ring of poison resistance
MPRegen 0.17/turn

%: corrode self (3%), reflection
@: beast-form, hasted, constricted, heavily drained, very quick
A: beast (slay +4), very small, no large weapons, unfitting armour, see
invisible, speed 3
a: Begin Untransformation, Renounce Religion, Heroism, Finesse, Duel


You were on level 5 of the Lair of Beasts.
You worshipped Okawaru.
Okawaru was exalted by your worship.
You were a hulking beast.
You visited 3 branches of the dungeon, and saw 17 of its levels.
You also visited: Sewer and Bailey.

You collected 1147 gold pieces.

Inventory:

Hand Weapons
 a - a +0 orcbow
 b - a +1 dagger of venom
 u - the +4 spear of Hell's Wrath {venom, rElec}
   (You found it on level 9 of the Dungeon)

   rElec:     It insulates you from electricity.
 H - the +6 hand cannon of Ponirr (weapon) {drain, *Corrode rF+ SInv Stlth+}
   (Okawaru gifted it to you on level 5 of the Lair of Beasts)

   rF+:       It protects you from fire.
   SInv:      It lets you see invisible.
   *Corrode:  It may corrode you when you take damage.
   Stlth+:    It makes you more stealthy.
Missiles
 o - 3 throwing nets
 p - 4 boomerangs
 r - 48 poisoned darts
 v - 7 atropa-tipped darts
 x - 2 darts of dispersal
 z - 2 datura-tipped darts
Armour
 C - a +2 hat
 K - the +4 skin of Zhor (worn) {*Englaciate rC+++ SInv}
   (Okawaru gifted it to you on level 5 of the Lair of Beasts)

   *Englaciate: It radiates cold, occasionally slowing all nearby creatures who
   are not resistant to cold.
   rC+++:     It renders you almost immune to cold.
   SInv:      It lets you see invisible.
 Q - a +1 cloak
Jewellery
 e - a ring of fire
 g - an amulet of reflection (around neck)
 j - an amulet of regeneration
 k - a ring of positive energy (left hand)
 t - a ring of poison resistance (right hand)
 y - a ring of magical power
 D - a +6 ring of strength
 E - a ring of magical power
 F - a ring of resist corrosion
 G - a ring of protection from cold
 S - a ring of flight
 U - a +5 ring of evasion
 X - an amulet of regeneration
Talismans
 c - a beast talisman (active)
 d - a flux talisman
Wands
 m - a wand of polymorph (12)
 L - a wand of flame (51)
 W - a wand of quicksilver (7)
Scrolls
 f - a scroll of teleportation {@r2}
 i - 2 scrolls of blinking
 q - 3 scrolls of enchant armour
 w - 2 scrolls of amnesia
 J - 2 scrolls of vulnerability
 M - 2 scrolls of immolation
 R - 3 scrolls of revelation
Potions
 h - 9 potions of curing {@q1}
 l - a potion of haste
 n - 3 potions of might
 s - 2 potions of berserk rage {unknown}
 A - a potion of cancellation {unknown}
 B - 8 potions of enlightenment
 I - 2 potions of heal wounds {unknown}
 N - 2 potions of mutation
 O - 3 potions of resistance
 P - 2 potions of magic {unknown}
 V - 7 potions of lignification
 Y - a potion of brilliance {unknown}


   Skills:
 + Level 8.5 Fighting
 - Level 3.4 Short Blades
 - Level 16.0 Ranged Weapons
 + Level 10.8 Dodging
 - Level 8.0 Stealth
 - Level 2.4 Unarmed Combat
 - Level 4.0 Spellcasting
 - Level 4.0 Hexes
 - Level 10.0 Translocations
 - Level 8.0 Invocations
 - Level 9.0 Shapeshifting


You had 15 spell levels left.
You knew the following spells:

 Your Spells              Type           Power      Damage    Failure   Level
a - Confusing Touch       Hex            14%        N/A       11%         3
b - Teleport Other        Tloc           30%        N/A       1%          3

Your spell library contained the following spells:

 Spells                   Type           Power      Damage    Failure   Level
 Lesser Beckoning         Tloc           60%        N/A       1%          2
 Maxwell's Portable Pile  Tloc           30%        2d(8-22)  1%          3
 Slow                     Hex            56%        N/A       3%          1
 Magic Dart               Conj           8%         1d3       19%         1
 Shock                    Conj/Air       8%         1d3       19%         1
 Searing Ray              Conj           4%         2d4       28%         2
 Fugue of the Fallen      Necr           2%         N/A       50%         3
 Ozocubu's Armour         Ice            2%         N/A       50%         3
 Vampiric Draining        Necr           2%         2d6       50%         3
 Fulminant Prism          Conj/Alch      1%         3d5       88%         4
 Metabolic Englaciation   Hex/Ice        4%         N/A       93%         5
 Manifold Assault         Tloc           15%        N/A       95%         7
 Chain Lightning          Conj/Air       1%         3d1       100%        9


Dungeon Overview and Level Annotations

Branches:
Dungeon (11/15)            Temple (1/1) D:5            Lair (5/5) D:9
  Swamp (0/4) Lair:2       Spider (0/4) Lair:3        Slime (0/5) Lair:5
  Sewer (visited)          Bailey (visited)
    Orc: D:9-12

Altars:
Ashenzari
Dithmenos
Fedhas
Gozag
Hepliaklqana
Kikubaaqudgha
Makhleb
Nemelex Xobeh
Okawaru
Qazlal
Ru
Sif Muna
Trog
Uskayaw
Vehumet
Wu Jian
Xom
Yredelemnul
Zin
The Shining One
Beogh

Shops:
D:10 (

Annotations:
D:3 exclusion: downstairs
D:4 exclusions: downstairs and hornet
D:6 exclusion: downstairs
D:7 exclusion: downstairs
D:8 3 runed translucent doors, Picsou's ghost, novice MiFi
Lair:1 2 transporters
Lair:2 2 transporters, exclusions: 2 downstairs and oklob plant, Autsider's ghost, journeyman FeSu; Erica
Lair:3 exclusion: downstairs
Lair:5 exclusion: obsidian statue


Innate Abilities, Weirdness & Mutations

You are a hulking beast.
Your limbs bulge with bestial killing power. (Slay +4)
You are very small and have problems with some larger weapons.
You are too small for most types of armour.
You have supernaturally acute eyesight. (SInv)
You cover ground extremely quickly. (Speed+++)


Message History

You shoot a slug.
The slug hits the spectral anaconda but does no damage.
The spectral anaconda is severely damaged.
The spectral anaconda bites you.
* * * LOW HITPOINT WARNING * * *
You partially resist.
You feel drained.
The spectral anaconda completely misses you.
The spectral anaconda bites you!
* * * LOW HITPOINT WARNING * * *
You feel better.
The spectral anaconda barely misses you.
The spectral anaconda bites you but does no damage.
The spectral anaconda misses you.
The spectral anaconda closely misses you.
Fire: H) +6 hand cannon of Ponirr {drain, *Corrode rF+ SInv Stlth+}
Press: ? - help, Shift-Dir - straight line, f/p - spectral anaconda
Aim: a spectral anaconda (severely damaged, 75% to hit)
You shoot a slug. The slug hits the spectral anaconda.
The spectral anaconda is severely damaged.
You radiate an aura of cold.
The spectral anaconda is unaffected.
You block the spectral anaconda's attack.
The spectral anaconda bites you!
* * * LOW HITPOINT WARNING * * *
You partially resist.
You feel drained. The spectral anaconda grabs you.
The spectral anaconda bites you.
* * * LOW HITPOINT WARNING * * *
You partially resist.
You feel drained.
* * * LOW HITPOINT WARNING * * *
The spectral anaconda constricts you.
* * * LOW HITPOINT WARNING * * *
You feel yourself speed up. The spectral anaconda bites you!
* * * LOW HITPOINT WARNING * * *
You partially resist.
You feel drained.
* * * LOW HITPOINT WARNING * * *
The spectral anaconda constricts you.
* * * LOW HITPOINT WARNING * * *
The spectral anaconda's grasp on you weakens, but your attempt to escape fails.
The spectral anaconda closely misses you.
The spectral anaconda constricts you.
You die...

.P#..P.............#.............
P##.....#....#.....†.†#....#...#.
..#.......#.P..............#.####
.................†.........### #
.............#............##.###
.............#P.........P....#.##
...#...................#.P.......
########'''########♣P......♣♣####
#.).÷..÷.......°hZ###P...♣#######
..#####ßP⌠Pß#####...###♣♣##.....ß
###..###ßPß###.~###.#### #......
#....ß#######.~~~~#....####.....ß
#.....#ß.Y.ß#≈≈≈≈.####....#'#####
#....)#?$...'≈≈≈~.#ß.####.#.#
'....ß#==...'~≈~.pYY....#...#
##...##ß...ß##~~.##ß....#..ß#
###### ### ####''#''####♣♣


You could see a spectral anaconda.

Vanquished Creatures
  Gastronok (Lair:1)
  A dire elephant (Lair:5)
  3 hydras
  2 boulder beetles
  3 death yaks
  3 skysharks
  A skeletal warrior (D:10)
  2 bog bodies (Lair:2)
  A lindwurm (Lair:1)
  Pikel (D:5)
  An orc knight (Bailey)
  3 necromancers (Lair:5)
  2 ugly things (D:10)
  2 cyclopes (D:10)
  Maurice (D:8)
  A dire elephant zombie (Lair:5)
  19 elephants
  2 black mambas
  A dire elephant skeleton (Lair:5)
  7 cane toads
  9 komodo dragons
  A polar bear (Lair:4)
  7 blink frogs
  Prince Ribbit (D:5)
  4 dream sheep (Lair:4)
  A vampire (D:10)
  2 wraiths
  44 yaks
  8 wyverns
  3 death yak simulacra (Lair:5)
  3 steam dragons
  2 basilisks
  A swamp worm (Lair:2)
  2 spectral cane toads (Lair:5)
  17 water moccasins
  7 orc warriors
  A sky beast (D:7)
  3 ogres
  3 black bears
  An ogre (shapeshifter) (D:10)
  2 crocodiles (Sewer)
  3 elephant zombies (Lair:5)
  15 wolves
  3 centaurs
  A lemure (D:5)
  2 elephant skeletons (Lair:5)
  8 bullfrogs
  5 kobold brigands
  A gnoll sergeant (D:7)
  4 scorpions
  2 cane toad simulacra (Lair:5)
  6 wights
  A killer bee (D:10)
  A howler monkey (D:10)
  2 electric eels
  A bombardier beetle (D:4)
  3 jellies
  4 hounds
  2 orc priests
  A gnoll bouda (D:8)
  3 sleepcaps
  4 iguanas
  Ijyb (D:3)
  Natasha (twice) (D:4)
  18 orc wizards
  7 hell rats (Lair:4)
  A sickly merfolk siren (Sewer)
  A malarious merfolk avatar (Sewer)
  12 gnolls
  2 river rats (Sewer)
  9 adders
  4 ufetubi (D:6)
  A dart slug (D:1)
  37 orcs
  2 bats (D:3)
  11 endoplasms
  5 giant cockroaches
  9 goblins
  5 hobgoblins
  3 jackals
  6 quokkas
  12 ball pythons
  6 frilled lizards
  33 kobolds
  18 rats
456 creatures vanquished.

Vanquished Creatures (others)
  A butterfly (D:4)
1 creature vanquished.

Grand Total: 457 creatures vanquished

Notes
Turn   | Place    | Note
-------+----------+-------------------------------------------
     0 | D:1      | Autsider the Spriggan Shapeshifter began the quest for the
                  | Orb.
     0 | D:1      | Reached XP level 1. HP: 9/9 MP: 2/2
     7 | D:1      | Found a faded altar of an unknown god.
    77 | D:1      | Reached skill level 1 in Fighting
   329 | D:1      | Reached XP level 2. HP: 5/15 MP: 3/3
  1056 | D:2      | Reached XP level 3. HP: 12/18 MP: 4/4
  1868 | D:3      | Noticed Ijyb
  2054 | D:3      | Found a basalt altar of Yredelemnul.
  2085 | D:4      | Noticed a phantom
  2529 | D:3      | Found a glowing golden altar of the Shining One.
  2531 | D:3      | Noticed an angel
  2868 | D:3      | Killed Ijyb
  2869 | D:3      | Reached XP level 4. HP: 23/23 MP: 5/5
  3202 | D:4      | Noticed Natasha
  3222 | D:4      | Reached skill level 1 in Short Blades
  3238 | D:4      | Killed Natasha
  3252 | D:4      | Reached XP level 5. HP: 18/26 MP: 6/6
  3337 | D:4      | Noticed Natasha
  3346 | D:4      | Killed Natasha
  3472 | D:4      | Noticed a hornet
  3488 | D:5      | Entered Level 5 of the Dungeon
  3488 | D:5      | Noticed Prince Ribbit
  3531 | D:5      | Found a staircase to the Ecumenical Temple.
  3537 | Temple   | Entered the Ecumenical Temple
  3558 | D:5      | Found a glowing drain.
  3574 | D:5      | Reached skill level 5 in Shapeshifting
  3590 | Sewer    | Entered a sewer
  3828 | Sewer    | Reached XP level 6. HP: 30/30 MP: 7/7
  4382 | D:5      | Reached XP level 7. HP: 30/35 MP: 8/8
  4539 | D:5      | Found a shadowy altar of Dithmenos.
  4615 | D:5      | Found an opulent altar of Gozag.
  4637 | D:5      | Killed Prince Ribbit
  4638 | D:5      | Reached skill level 1 in Ranged Weapons
  4638 | D:5      | Reached skill level 5 in Dodging
  4638 | D:5      | Reached skill level 5 in Stealth
  4818 | D:5      | Found a stormy altar of Qazlal.
  5086 | D:5      | Reached skill level 2 in Ranged Weapons
  5147 | D:5      | Noticed Pikel
  5290 | D:5      | Killed Pikel
  5291 | D:5      | Reached skill level 4 in Ranged Weapons
  5291 | D:5      | Reached XP level 8. HP: 32/42 MP: 9/9
  5633 | D:6      | Found a bloodstained altar of Trog.
  5990 | D:6      | Reached skill level 5 in Ranged Weapons
  6181 | D:6      | Reached skill level 6 in Ranged Weapons
  6509 | D:6      | Reached XP level 9. HP: 18/45 MP: 10/10
  6530 | D:6      | Reached skill level 7 in Ranged Weapons
  6718 | D:7      | Found a flagged portal.
  6771 | Bailey   | Entered a bailey
  6780 | Bailey   | Learned a level 3 spell: Confusing Touch
  6785 | Bailey   | Noticed an orc warlord
  6822 | Bailey   | Reached skill level 1 in Hexes
  6894 | Bailey   | Noticed an orc knight
  6944 | Bailey   | Found a runed translucent gate.
  6944 | Bailey   | Found a runed translucent gate.
  6944 | Bailey   | Found a runed translucent gate.
  7520 | Bailey   | Killed an orc knight
  7521 | Bailey   | Reached skill level 8 in Ranged Weapons
  7731 | Bailey   | Identified the +1 ring mail of Boqearie {MP+9}
  7740 | D:7      | Reached skill level 11 in Ranged Weapons
  7740 | D:7      | Reached XP level 10. HP: 53/53 MP: 11/11
  7879 | D:7      | Found a sacrificial altar of Ru.
  8403 | D:8      | Found a runed translucent gate.
  8403 | D:8      | Noticed Picsou's ghost (novice MiFi)
  8403 | D:8      | Noticed an 11-headed hydra
  8406 | D:8      | Found a runed translucent gate.
  8406 | D:8      | Found a runed translucent gate.
  8565 | D:8      | Reached skill level 1 in Spellcasting
  9083 | D:8      | Found a sparkling altar of Nemelex Xobeh.
  9129 | D:8      | Found a burning altar of Makhleb.
  9135 | D:8      | Found a glowing silver altar of Zin.
  9136 | D:8      | Noticed a green death
  9136 | D:8      | Noticed an angel
  9147 | D:8      | Noticed Maurice
  9158 | D:8      | Killed Maurice
  9159 | D:8      | Reached skill level 10 in Dodging
  9621 | D:9      | Found an ancient bone altar of Kikubaaqudgha.
  9704 | D:9      | Found an iron altar of Okawaru.
  9709 | D:9      | Became a worshipper of Warmaster Okawaru
  9725 | D:9      | Reached XP level 11. HP: 56/56 MP: 15/15
 10382 | D:9      | Reached * piety under Okawaru
 10442 | D:9      | Identified the +4 spear of Hell's Wrath {venom, rElec}
 10606 | D:9      | Found a staircase to the Lair.
 10822 | D:10     | Entered Level 10 of the Dungeon
 10992 | D:10     | Reached skill level 12 in Ranged Weapons
 11285 | D:10     | Found a roughly hewn altar of Beogh.
 11579 | D:10     | Found a shimmering blue altar of Sif Muna.
 11600 | D:10     | Found Wiun's Weapon Shoppe.
 11655 | D:10     | Reached ** piety under Okawaru
 11825 | D:10     | Noticed a skeletal warrior
 11909 | D:10     | Noticed an orc knight
 12071 | D:10     | Killed a skeletal warrior
 12072 | D:10     | Reached skill level 13 in Ranged Weapons
 12118 | D:10     | Noticed a harpy
 12125 | D:10     | a harpy changed into an unseen horror
 12139 | D:10     | Noticed a centaur warrior
 12144 | D:10     | Noticed a harpy
 12345 | D:10     | Noticed a red ugly thing
 12353 | D:10     | Noticed a red ugly thing
 12354 | D:10     | Noticed a tengu warrior
 12413 | D:10     | Killed a red ugly thing
 12413 | D:10     | Reached *** piety under Okawaru
 12437 | D:10     | Killed a red ugly thing
 13412 | Lair:1   | Entered Level 1 of the Lair of Beasts
 13718 | Lair:2   | Noticed a lindwurm
 13809 | Lair:1   | Noticed Gastronok
 13818 | Lair:1   | Found a transporter.
 13944 | Lair:1   | Reached skill level 14 in Ranged Weapons
 14278 | Lair:1   | Noticed a death yak
 14537 | Lair:1   | Killed a death yak
 14537 | Lair:1   | Reached **** piety under Okawaru
 14558 | Lair:1   | Found a transporter.
 14559 | Lair:1   | Found the +3 pair of seven-league boots {Rampage+∞}
 14753 | Lair:1   | Reached skill level 1 in Invocations
 14753 | Lair:1   | Reached XP level 12. HP: 61/61 MP: 19/19
 15249 | Lair:1   | Killed Gastronok
 15696 | Lair:3   | Noticed a boulder beetle
 15982 | Lair:2   | Reached skill level 15 in Ranged Weapons
 16184 | Lair:2   | Found a transporter.
 16203 | Lair:2   | Reached ***** piety under Okawaru
 16271 | Lair:2   | Reached skill level 5 in Invocations
 16341 | Lair:2   | Found a transporter.
 16380 | Lair:2   | Noticed Autsider's ghost (journeyman FeSu)
 16581 | Lair:2   | Found a staircase to the Swamp.
 16759 | Lair:2   | Noticed Erica
 17309 | Lair:4   | Noticed a four-headed hydra
 17629 | Lair:3   | Killed a boulder beetle
 17671 | Lair:3   | Received a gift from Okawaru
 18369 | Lair:3   | Found a hole to the Spider Nest.
 18864 | Lair:4   | Got Oshriroa's Compilation of the Fettered Discharge
 19097 | Lair:4   | Killed a four-headed hydra
 19098 | Lair:4   | Reached skill level 16 in Ranged Weapons
 19166 | Lair:4   | Reached XP level 13. HP: 65/65 MP: 20/20
 19379 | Lair:4   | Received a gift from Okawaru
 19406 | Lair:4   | Reached skill level 1 in Translocations
 20648 | Lair:5   | Entered Level 5 of the Lair of Beasts
 20791 | Lair:5   | Reached skill level 5 in Translocations
 21059 | Lair:5   | Reached ****** piety under Okawaru
 21060 | Lair:5   | Acquired the +6 hand cannon of Ponirr {drain, *Corrode rF+
                  | SInv Stlth+}
 21060 | Lair:5   | Received a gift from Okawaru
 21061 | Lair:5   | Acquired the +4 skin of Zhor {*Englaciate rC+++ SInv}
 21061 | Lair:5   | Received a gift from Okawaru
 21061 | Lair:5   | Found the +4 skin of Zhor {*Englaciate rC+++ SInv}
 21078 | Lair:5   | Learned a level 3 spell: Teleport Other
 21168 | Lair:5   | Received a gift from Okawaru
 21255 | Lair:5   | Found a staircase to the Slime Pits.
 21595 | Lair:5   | Noticed a dire elephant
 21631 | Lair:5   | Noticed a dire elephant
 21691 | Lair:5   | Noticed a dire elephant
 21729 | Lair:5   | Killed a dire elephant
 21729 | Lair:5   | Received a gift from Okawaru
 22061 | Lair:5   | Reached skill level 10 in Translocations
 22064 | Lair:5   | Reached XP level 14. HP: 73/73 MP: 21/21
 22523 | Lair:5   | Received a gift from Okawaru
 22604 | Lair:5   | Identified the +9 battleaxe of Hepliaklqana, Blushing
                  | {freeze, *Slow rPois Will+++ Dex-5}
 23233 | Lair:5   | HP: 3/66 [spectral anaconda (1)]
 23233 | Lair:5   | HP: 1/66 [constriction (2)]
 23234 | Lair:5   | Constricted to death by a spectral anaconda

Illustrated notes

Levels and vault maps discovered:
D:1:      dpeg_arrival_tiny_c, layout_loops_ring,
          ebering_ecumenical_altar_petrified, chequers_garden, st_stairs_9
D:2:      layout_loops_ring
D:3:      layout_loops_ring, grunt_temple_overflow_holy_war, serial_forest,
          infiniplex_forest_lined_3, infiniplex_forest_corner_1,
          infiniplex_forest_zigzag_1, infiniplex_forest_straight_2,
          infiniplex_forest_lined_2, infiniplex_forest_clump_small,
          infiniplex_forest_lined_4_way, infiniplex_forest_end_2,
          infiniplex_forest_straight_4, minmay_tree_intersection, minivault_14,
          grunt_decor_clamped, uniq_ijyb
D:4:      layout_loops_ring, nicolae_elyvilon_peaceful_grove, uniq_natasha
D:5:      layout_loops_ring, lemuel_coloured_pillars_altar,
          nicolae_gozag_cash_rules_everything_around_me,
          nicolae_dithmenos_the_darkroom, temple_green, gup_sewer_entry_glass,
          kennysheep_generic_room_8, uniq_prince_ribbit1, uniq_pikel
D:6:      layout_basic, bloody_trog
D:7:      layout_basic, kennysheep_mini, enter_bailey_5
D:8:      layout_loops_ring, grunt_temple_overflow_order_and_chaos_2,
          nemelex_diamond_rough_becter, gammafunk_ghost_hydra_chop,
          serial_bayou_pond_e, uniq_maurice
D:9:      minmay_flawed_box, layout_long_grid, kiku_gazebo_pond_becter,
          okawaru_trees_2, grunt_lair_entry_orc_guard_hut
D:10:     minmay_the_grid_plus [minmay_the_grid_pillar_ring,
          minmay_the_grid_mess, minmay_the_grid_x, minmay_the_grid_box_x,
          minmay_the_grid_prize_four_corners], layout_basic, lemuel_round_altar,
          slow_altar_1, special_room [special_room_orc], serial_shops,
          nicolae_shop_bloodbath_and_beyond, kennysheep_small_spiral
D:11:     layout_basic, zombieorc1_lemuel
Temple:   nicolae_temple_little_seven
Lair:1:   gammafunk_cloud_chamber, layout_chaotic_city, guppyfry_lair_drakes,
          lemuel_fruit_fields, uniq_gastronok
Lair:2:   layout_gridlike, nicolae_swamp_entry_splash_gauntlet,
          nzn_ghost_randoct, enter_volcano_2, minmay_lair_oklob_items,
          uniq_erica
Lair:3:   layout_regular_city, dummy_spider_entry, serial_bayou_shore_a,
          grunt_megastairs_5, serial_bayou_shore_b, lemuel_fruit_tree
Lair:4:   layout_loops_ring, dreamdust_mushroom_princess, beast_lair_carwin_1
Lair:5:   due_jungle_book, layout_gridlike, nicolae_slime_entry_slimehenge

Skill      XL: |  1  2  3  4  5  6  7  8  9 10 11 12 13 |
---------------+----------------------------------------+-----
Fighting       | 1 2 4 6 8 |  8.5
Stealth        | 2 4 6 7 8 |  8.0
Dodging        | 4 6 9 10 | 10.8
Short Blades   | 2 3 |  3.4
Shapeshifting  | 5 7 9 |  9.0
Ranged Weapons | 4 6 11 14 16 | 16.0
Hexes          | 4 |  4.0
Spellcasting   | 2 4 |  4.0
Invocations    | 1 7 8 |  8.0
Translocations | 10 | 10.0
Unarmed Combat | |  2.4

Action                     |  1- 3 |  4- 6 |  7- 9 | 10-12 | 13-15 || total
---------------------------+-------+-------+-------+-------+-------++-------
  Melee: Club              |     9 |       |       |       |       ||     9
         Dagger            |    73 |   156 |   168 |    48 |       ||   445
         Spear             |       |       |       |     5 |       ||     5
         Orcbow            |       |       |       |     2 |       ||     2
   Fire: Sling             |       |     1 |   189 |   172 |       ||   362
         Orcbow            |       |       |       |  1098 |   363 ||  1461
         Shortbow          |       |       |       |     3 |       ||     3
         Hand cannon       |       |       |       |       |   251 ||   251
  Throw: Stone             |    15 |     1 |    10 |       |       ||    26
         Dart              |       |     8 |       |     3 |       ||    11
   Cast: Confusing Touch   |       |       |       |     4 |       ||     4
 Invoke: Receive Weapon    |       |       |       |       |     1 ||     1
         Receive Armour    |       |       |       |       |     1 ||     1
    Use: Scroll            |       |     4 |     6 |    11 |       ||    21
         Potion            |       |       |     1 |     1 |     2 ||     4
   Stab: Sleeping          |     9 |     4 |     2 |     1 |       ||    16
         Confused          |       |       |       |     3 |       ||     3
 Armour: Animal skin       |    31 |    32 |    49 |   119 |    55 ||   286
  Dodge: Dodged            |    39 |    70 |   139 |   246 |   100 ||   594
  Block: Other             |     9 |    15 |    36 |    53 |    31 ||   144
         Reflection        |       |       |     5 |     9 |       ||    14
   Form: Beast             |       |     1 |       |       |       ||     1
         Flux              |       |     1 |       |       |       ||     1

Table legend: (Time is in decaauts)
 A = Elapsed time spent in this place.
 B = Non-inter-level travel time spent in this place.
 C = Inter-level travel time spent in this place.
 D = Time resting spent in this place.
 E = Time spent auto-exploring this place.
 F = Levels seen in this place.
 G = Mean time per level.
                   A        B        C        D        E       F      G
               +--------+--------+--------+--------+--------+-----+--------+
         Total |  16959 |  16179 |    780 |   3300 |   5919 |  19 |  892.6 |
       Dungeon |   8439 |   8040 |    399 |   1236 |   3627 |  11 |  767.2 |
        Temple |      1 |      1 |      0 |      0 |      0 |   1 |    1.0 |
          Lair |   7172 |   6792 |    380 |   1801 |   2190 |   5 | 1434.4 |
         Sewer |    614 |    614 |      0 |     93 |     98 |   1 |  614.0 |
        Bailey |    731 |    731 |      0 |    169 |      3 |   1 |  731.0 |
               +--------+--------+--------+--------+--------+-----+--------+

Top non-repeatable levels by time:
  Lair:5: 1913 daAuts
  Lair:1: 1815 daAuts
    D:10: 1812 daAuts
  Lair:4: 1437 daAuts
  Lair:2: 1010 daAuts
     D:9: 997 daAuts
  Lair:3: 995 daAuts
     D:6: 981 daAuts
     D:3: 931 daAuts
     D:5: 862 daAuts
     D:8: 796 daAuts
  Bailey: 731 daAuts
     D:1: 637 daAuts
   Sewer: 614 daAuts
     D:7: 566 daAuts
